AoeStats
← _vishi_

MegaRandom

509401644Analyzed
4v4 RM · 5d ago on Sep 26, 2026· 67m 8s· 8 players
Game mode
Random Map
Map size
Large (8 player)
Population
200
Speed
Normal
Resources
Standard
Victory
Conquest
Starting age
Dark Age
Ending age
Imperial Age
RankedLock teamsTeams togetherTeam positionsShared explorationLock speedFull tech treeHidden civsTurbo modeCheats
Victory
Defeat
🇫🇮 Saxons · Finland
1419
+13
🇫🇮 Huns · Finland
1401
+14
🇮🇳 Britons · India
1349
+16
🇫🇮 Berbers · Finland
1301
+18
🇦🇷 Dravidians · Argentina
1473
-21
🇦🇷 Magyars · Argentina
1388
-17
🇦🇷 Britons · Argentina
1272
-12
🇦🇷 Khmer · Argentina
1239
-11
Markki22 kela.fi
10:01 Feudal Age
13:31 Castle Age
15:48 Double-Bit Axe
18:13 Fletching
21:34 Loom
24:36 Wheelbarrow
24:41 Bodkin Arrow
26:02 Horse Collar
26:30 Padded Archer Armor
27:17 Thumb Ring
28:07 Hand Cart
33:21 Imperial Age
31:14 Leather Archer Armor
31:18 Bow Saw
32:41 Bloodlines
32:31 Husbandry
33:18 Ballistics
34:02 Bracer
33:25 Heavy Cavalry Archer
34:31 Parthian Tactics
35:10 Chemistry
50:25 Gold Mining
50:25 Stone Mining
51:43 Two-Man Saw
52:16 Light Cavalry
53:02 Scale Barding Armor
53:07 Forging
53:36 Gold Shaft Mining
54:38 Chain Barding Armor
55:07 Iron Casting
57:26 Plate Barding Armor
57:52 Blast Furnace
56:17 Hussar
62:38 Conscription
65:43 Coinage
66:54 Banking
Kullervo
10:36 Feudal Age
10:58 Loom
15:14 Castle Age
15:22 Double-Bit Axe
19:41 Bow Saw
24:54 Wheelbarrow
24:38 Fletching
25:35 Bodkin Arrow
27:12 Ballistics
32:14 Hand Cart
32:41 Town Watch
33:14 Horse Collar
37:08 Imperial Age
35:09 Scale Mail Armor
35:19 Forging
37:05 Chain Mail Armor
37:25 Iron Casting
39:09 Plate Mail Armor
38:07 Elite Hearth Troop
39:31 Shield Wall
40:52 Conscription
40:18 Arson
40:20 Gambesons
40:35 Squires
41:11 Town Patrol
42:00 Hoardings
42:57 Two-Man Saw
41:58 Heavy Plow
42:27 Bracer
44:50 Guard Tower
44:46 Arrowslits
46:01 Chemistry
45:54 Siege Engineers
46:27 Keep
46:38 Caravan
48:02 Masonry
52:02 Coinage
51:44 Stone Mining
51:47 Gold Mining
54:12 Banking
54:40 Treadmill Crane
55:31 Architecture
55:07 Siege Engineers
_vishi_
10:35 Feudal Age
14:39 Castle Age
12:44 Double-Bit Axe
13:33 Horse Collar
15:47 Wheelbarrow
15:58 Bow Saw
17:03 Loom
21:25 Fletching
29:51 Hand Cart
30:07 Bodkin Arrow
30:13 Padded Archer Armor
31:32 Ballistics
31:23 Heavy Plow
35:16 Imperial Age
32:44 Stone Mining
33:29 Leather Archer Armor
38:06 Chemistry
37:18 Bracer
41:19 Ring Archer Armor
41:38 Conscription
41:31 Gold Mining
41:57 Elite Longbowman
45:13 Yeomen
47:55 Caravan
49:30 Two-Man Saw
49:15 Guilds
51:43 Gold Shaft Mining
52:02 Warwolf
54:25 Siege Engineers
59:56 Sappers
61:02 Hoardings
Ape123
9:23 Loom
11:08 Feudal Age
17:23 Castle Age
17:09 Double-Bit Axe
35:59 Fletching
39:49 Bow Saw
39:22 Horse Collar
42:33 Imperial Age
46:13 Bodkin Arrow
46:57 Padded Archer Armor
48:04 Wheelbarrow
47:14 Town Watch
47:59 Conscription
48:14 Hoardings
47:52 Kasbah
48:32 Hoardings
47:25 Elite Genitour
48:11 Thumb Ring
49:14 Bracer
49:49 Leather Archer Armor
51:53 Hand Cart
54:31 Ring Archer Armor
54:13 Forging
54:21 Elite Camel Archer
56:00 Masonry
56:27 Ballistics
57:08 Chemistry
56:23 Fortified Wall
57:50 Scale Barding Armor
58:21 Iron Casting
59:06 Maghrebi Camels
59:54 Caravan
61:28 Husbandry
61:38 Bloodlines
62:08 Chain Barding Armor
64:33 Heavy Camel Rider
PROFESSOR.escón
9:05 Feudal Age
8:53 Loom
9:42 Double-Bit Axe
18:06 Wheelbarrow
18:00 Scale Barding Armor
21:26 Castle Age
20:42 Bloodlines
20:42 Gold Mining
23:41 Husbandry
28:45 Light Cavalry
32:10 Chain Barding Armor
37:07 Imperial Age
36:52 Bow Saw
36:23 Horse Collar
37:11 Cavalier
38:29 Plate Barding Armor
38:49 Hand Cart
45:40 Corvinian Army
46:50 Conscription
47:01 Elite Magyar Huszar
58:14 Paladin
64:35 Hoardings
The Viejo
5:42 Loom
8:30 Feudal Age
11:20 Fletching
21:29 Castle Age
19:44 Double-Bit Axe
20:01 Horse Collar
20:50 Padded Archer Armor
20:46 Gold Mining
21:32 Crossbowman
22:08 Bodkin Arrow
28:57 Wheelbarrow
36:08 Imperial Age
33:47 Stone Mining
35:15 Leather Archer Armor
37:25 Ballistics
37:10 Bracer
36:53 Arbalester
39:47 Chemistry
41:06 Heavy Plow
41:18 Bow Saw
43:45 Ring Archer Armor
46:22 Elite Skirmisher
57:22 Hand Cart
64:02 Town Watch
PeloDeElite
2:04 Loom
7:03 Loom
9:25 Feudal Age
10:23 Double-Bit Axe
14:34 Scale Barding Armor
14:39 Forging
16:32 Scale Barding Armor
21:40 Castle Age
20:48 Wheelbarrow
22:38 Bloodlines
22:29 Husbandry
24:29 Chain Barding Armor
30:51 Iron Casting
32:52 Hand Cart
36:30 Bow Saw
40:36 Imperial Age
39:24 Hand Cart
40:32 Light Cavalry
40:45 Cavalier
43:15 Fletching
45:42 Bodkin Arrow
47:12 Gold Mining
47:12 Stone Mining
49:30 Gold Shaft Mining
51:45 Blast Furnace
52:19 Plate Barding Armor
52:46 Horse Collar
53:18 Bracer
54:52 Stone Shaft Mining
54:53 Heavy Plow
56:08 Conscription
55:55 Tusk Swords
56:36 Town Watch
KRON ツ
5:50 Loom
8:52 Feudal Age
9:38 Town Watch
13:17 Fletching
14:47 Double-Bit Axe
17:57 Wheelbarrow
17:42 Padded Archer Armor
23:15 Castle Age
21:15 Horse Collar
22:16 Gold Mining
23:53 Bodkin Arrow
24:37 Bow Saw
30:24 Leather Archer Armor
30:58 Ballistics
34:22 Hand Cart
35:24 Heavy Plow
38:47 Imperial Age
36:40 Thumb Ring
36:57 Stone Mining
39:41 Bracer
40:50 Chemistry
40:55 Two-Man Saw
39:28 Elite Skirmisher
41:28 Ring Archer Armor
42:11 Masonry
43:03 Hoardings
42:47 Murder Holes
47:50 Elite Elephant Archer
51:09 Siege Elephant
54:02 Fortified Wall
56:28 Wootz Steel
56:29 Conscription
Connection lost

Rejoining the realm…

Still unreachable

The connection could not be restored.

Session expired

The server has moved on; the page needs a fresh start.